 Dungeon Sprint DCSS version 0.25.1-2-g60ff931df9 (webtiles) character file.

Game seed: 5035663520377819821

88329 howech the Slayer (level 15, -6/144 HPs)
             Began as a Gnoll Fighter on Oct 15, 2020.
             Was the Champion of Okawaru.
             Mangled by Ignacio
             ... wielding a +2 executioner's axe of pain
              (10 damage)
             ... in the Dungeon (Sprint V: "Ziggurat Sprint").
             The game lasted 00:31:35 (2244 turns).

howech the Slayer (Gnoll Fighter)                   Turns: 2244, Time: 00:31:35

Health: -6/144     AC: 46    Str: 35    XL:     15   Next: 93%
Magic:  30/35      EV: 22    Int: 17    God:    Okawaru [******]
Gold:   0          SH: 37    Dex: 22    Spells: 29/47 levels left

rFire    + + .     SeeInvis +   P - +7 Screaming Sword {vorpal, sonic wave}
rCold    . . .     Gourm    .   O - +18 shield of the Gong {rElec rN+ MR+ EV-5}
rNeg     + + +     Faith    .   N - +15 Maxwell's patent armour {-Cast -Tele rElec MR+ rCorr}
rPois    .         Spirit   .   s - +0 hat of the Valley of Death {-Tele rF++ rCorr SInv}
rElec    +         Reflect  .   X - +2 cloak of Untold Secrets {rN+ MR+ Str+4 Stlth+}
rCorr    +         Harm     .   c - +1 pair of gloves {archery}
MR       ++++.     NoTele   +   p - +2 pair of boots of Dafediub {+Blink Str+8 Dex-5 Stlth-} Stlth ++++......NoCast +
                                Y - macabre finger necklace {rN+}
HPRegen  0.34/turn              E - +6 ring of dexterity
MPRegen  0.24/turn              F - +6 ring of dexterity
                                V - ring of Muvoygh {Wiz Str+3 Int+2}

@: mighty, lethally poisoned (-6 -> -11), heroism, finesse, studying Fighting
A: distributed training, fangs 1, horns 1, strong nose
a: Heroism, Finesse, Renounce Religion, Evoke Blink


You were in the Dungeon.
You worshipped Okawaru.
Okawaru was exalted by your worship.
You were not hungry.

You visited 1 branch

Inventory:

Hand Weapons
 P - the +7 Screaming Sword (weapon) {vorpal, sonic wave}
   (You found it in the Dungeon)

   It inflicts extra damage upon your enemies.
 Q - the +7 great mace "Firestarter" {inner flame, rF++}
   (You found it in the Dungeon)

   It has been specially enchanted to burn those struck by it, causing extra
   injury to most foes and up to half again as much damage against particularly
   susceptible opponents.
   It greatly protects you from fire.
 R - the +8 lance "Wyrmbane" {slay drac, rPois rF+ rC+ AC+3}
   (You found it in the Dungeon)

   It affects your AC (+3).
   It protects you from fire.
   It protects you from cold.
   It protects you from poison.
 S - the +0 sword of Power
   (You found it in the Dungeon)
 T - the +9 sword of Zonguldrok {reap}
   (You found it in the Dungeon)

   If a monster killed with it leaves a corpse in good enough shape, the corpse
   will be animated as a zombie friendly to the killer.
Armour
 c - a +1 pair of gloves of archery (worn)
 l - a +5 crystal plate armour
 m - +5 shadow dragon scales
 n - a +3 tower shield
 p - the +2 pair of boots of Dafediub (worn) {+Blink Str+8 Dex-5 Stlth-}
   (Okawaru gifted it to you in the Dungeon)

   It affects your strength (+8).
   It affects your dexterity (-5).
   It lets you blink.
   It makes you less stealthy.
 s - the +0 hat of the Valley of Death (worn) {-Tele rF++ rCorr SInv}
   (Okawaru gifted it to you in the Dungeon)

   It greatly protects you from fire.
   It lets you see invisible.
   It prevents most forms of teleportation.
   It provides partial protection from all sources of acid and corrosion.
 z - a +0 pair of boots of running
 N - the +15 Maxwell's patent armour (worn) {-Cast -Tele rElec MR+ rCorr}
   (You found it in the Dungeon)

   It insulates you from electricity.
   It affects your resistance to hostile enchantments.
   It prevents spellcasting.
   It prevents most forms of teleportation.
   It provides partial protection from all sources of acid and corrosion.
 O - the +18 shield of the Gong (worn) {rElec rN+ MR+ EV-5}
   (You found it in the Dungeon)

   It affects your evasion (-5).
   It insulates you from electricity.
   It protects you from negative energy.
   It affects your resistance to hostile enchantments.
 X - the +2 cloak of Untold Secrets (worn) {rN+ MR+ Str+4 Stlth+}
   (You found it in the Dungeon)

   It affects your strength (+4).
   It protects you from negative energy.
   It affects your resistance to hostile enchantments.
   It makes you more stealthy.
Jewellery
 b - an uncursed ring of poison resistance
 r - an uncursed ring of see invisible
 A - an uncursed ring of ice
 D - an uncursed ring of resist corrosion
 E - a +6 ring of dexterity (left hand)
 F - a +6 ring of dexterity (right hand)
 G - a +6 ring of intelligence
 H - a +6 ring of intelligence
 I - a +6 ring of strength
 J - a +6 ring of strength
 V - the ring of Muvoygh (on amulet) {Wiz Str+3 Int+2}
   (You found it in the Dungeon)

   [ring of wizardry]

   It improves your spell success rate.
   It affects your strength (+3).
   It affects your intelligence (+2).
 W - the amulet "Juacvidd" {Reflect Int+4 Dex+5 SH+5}
   (You found it in the Dungeon)

   [amulet of reflection]

   It shields you and reflects attacks.
   It affects your intelligence (+4).
   It affects your dexterity (+5).
   It affects your SH (+5).
 Y - the macabre finger necklace (around neck) {rN+}
   (You found it in the Dungeon)

   [amulet of nothing]

   It protects you from negative energy.
 Z - the ring "Qemepearops" {rC+ Stlth+}
   (You found it in the Dungeon)

   [ring of protection from cold]

   It protects you from cold.
   It makes you more stealthy.
Wands
 K - a wand of disintegration (7)
 L - a wand of iceblast (6)
 M - a wand of acid (7)
Scrolls
 a - 4 scrolls of enchant armour
 k - 4 scrolls of blinking
 t - 4 scrolls of amnesia
 u - 7 scrolls of fog
 v - a scroll of holy word
 w - 2 scrolls of identify
 x - 5 scrolls of remove curse
 y - 2 scrolls of fear
 B - 4 scrolls of enchant weapon
Potions
 d - 3 potions of might
 e - 10 potions of curing
 g - 10 potions of heal wounds
 h - 6 potions of haste
 i - 7 potions of magic
 j - 3 potions of berserk rage
 o - 2 potions of brilliance
 q - 4 potions of resistance
Books
 U - a manual of Fighting
Miscellaneous
 C - a lightning rod (4/4)
Comestibles
 f - 7 rations


   Skills:
 + Level 21.3(26.3) Fighting
 + Level 16.5(21.5) Short Blades
 + Level 16.9(21.9) Long Blades
 + Level 16.5(21.5) Axes
 + Level 16.5(21.5) Maces & Flails
 + Level 16.5(21.5) Polearms
 + Level 16.5(21.5) Staves
 + Level 16.5(21.5) Slings
 + Level 16.5(21.5) Bows
 + Level 17.6(22.6) Crossbows
 + Level 16.5(21.5) Throwing
 + Level 17.4(22.4) Armour
 + Level 16.5(21.5) Dodging
 + Level 16.5(21.5) Stealth
 + Level 17.4(22.4) Shields
 + Level 16.5(21.5) Unarmed Combat
 + Level 16.5 Spellcasting
 + Level 14.2 Conjurations
 + Level 14.2 Hexes
 + Level 14.2 Charms
 + Level 14.2 Summonings
 + Level 14.2 Necromancy
 + Level 14.2 Translocations
 + Level 14.2 Transmutations
 + Level 14.2 Fire Magic
 + Level 14.2 Ice Magic
 + Level 14.2 Air Magic
 + Level 14.2 Earth Magic
 + Level 14.2 Poison Magic
 + Level 17.7 Invocations
 + Level 16.5 Evocations


You had 29 spell levels left.
You knew the following spells:

 Your Spells              Type           Power        Failure   Level  Hunger
a - Absolute Zero         Ice            ######....   100%        9    #######
b - Fire Storm            Conj/Fire      ######....   100%        9    #######

Your spell library contained the following spells:

 Spells                   Type           Power        Failure   Level  Hunger
 Animate Skeleton         Necr           N/A          1%          1    None
 Apportation              Tloc           ######       1%          1    None
 Corona                   Hex            ######.      1%          1    None
 Freeze                   Ice            ####         1%          1    None
 Infusion                 Chrm           ####         1%          1    None
 Magic Dart               Conj           ####         1%          1    None
 Shock                    Conj/Air       ####         1%          1    None
 Sting                    Tmut/Pois      ####         1%          1    None
 Summon Small Mammal      Summ           ####         1%          1    None
 Blink                    Tloc           N/A          1%          2    None
 Call Imp                 Summ           ######..     1%          2    None
 Corpse Rot               Necr/Air       N/A          1%          2    None
 Ensorcelled Hibernation  Hex/Ice        ######       1%          2    None
 Poisonous Vapours        Pois/Air       ######       1%          2    None
 Searing Ray              Conj           ######       1%          2    None
 Slow                     Hex            ######..     1%          2    None
 Sublimation of Blood     Necr           ######....   1%          2    None
 Swiftness                Chrm/Air       ######..     1%          2    None
 Confusing Touch          Hex            ######..     1%          3    None
 Conjure Flame            Conj/Fire      ######..     1%          3    None
 Dazzling Flash           Conj/Hex       ######       1%          3    None
 Frozen Ramparts          Ice            ######       1%          3    None
 Gell's Gravitas          Tloc           ######....   1%          3    None
 Mephitic Cloud           Conj/Pois/Air  ######..     1%          3    None
 Portal Projectile        Hex/Tloc       ######       1%          3    None
 Static Discharge         Conj/Air       ######..     1%          3    None
 Stone Arrow              Conj/Erth      ######       1%          3    None
 Summon Guardian Golem    Hex/Summ       ######..     1%          3    None
 Tukima's Dance           Hex            ######..     1%          3    None
 Airstrike                Air            ######....   1%          4    None
 Animate Dead             Necr           N/A          1%          4    None
 Fulminant Prism          Conj/Hex       ######....   1%          4    None
 Ice Form                 Ice/Tmut       ######..     1%          4    None
 Iskenderun's Mystic Bla  Conj/Tloc      ######..     1%          4    None
 Leda's Liquefaction      Hex/Erth       ######....   1%          4    None
 Petrify                  Tmut/Erth      ######..     1%          4    None
 Sticky Flame             Conj/Fire      ######..     1%          4    None
 Alistair's Intoxication  Tmut/Pois      ######..     1%          5    ###....
 Blade Hands              Tmut           ######....   1%          5    ###....
 Bolt of Magma            Conj/Fire/Erth ######....   1%          5    ###....
 Borgnjor's Vile Clutch   Necr/Erth      ######....   1%          5    ###....
 Excruciating Wounds      Chrm/Necr      ######....   1%          5    ###....
 Fireball                 Conj/Fire      ######....   1%          5    ###....
 Iskenderun's Battlesphe  Conj/Chrm      ######..     1%          5    ###....
 Lightning Bolt           Conj/Air       ######....   1%          5    ###....
 Metabolic Englaciation   Hex/Ice        ######....   1%          5    ###....
 Silence                  Hex/Air        ######....   1%          5    ###....
 Summon Forest            Summ/Tloc      ######....   1%          5    ###....
 Summon Mana Viper        Hex/Summ       ######..     1%          5    ###....
 Yara's Violent Unravell  Hex/Tmut       ######....   1%          5    ###....
 Conjure Ball Lightning   Conj/Air       ######....   2%          6    #####..
 Darkness                 Hex            ######....   2%          6    #####..
 Dispersal                Tloc           ######....   2%          6    #####..
 Eringya's Noxious Bog    Tmut/Pois      ######....   2%          6    #####..
 Freezing Cloud           Conj/Ice/Air   ######....   2%          6    #####..
 Hydra Form               Tmut           ######....   2%          6    #####..
 Invisibility             Hex            ######..     2%          6    #####..
 Iron Shot                Conj/Erth      ######....   2%          6    #####..
 Ozocubu's Refrigeration  Ice            ######....   2%          6    #####..
 Shadow Creatures         Summ           N/A          2%          6    #####..
 Simulacrum               Ice/Necr       ######....   2%          6    #####..
 Starburst                Conj/Fire      ######....   2%          6    #####..
 Statue Form              Tmut/Erth      ######...    2%          6    #####..
 Dragon Form              Tmut           ######....   13%         7    ######.
 Orb of Destruction       Conj           ######....   13%         7    ######.
 Spellforged Servitor     Conj/Summ      ######....   13%         7    ######.
 Summon Hydra             Summ           ######....   13%         7    ######.
 Chain Lightning          Conj/Air       ######....   65%         8    #######
 Controlled Blink         Tloc           N/A          65%         8    #######
 Disjunction              Tloc           ######....   65%         8    #######
 Ignition                 Fire           ######....   65%         8    #######
 Lehudib's Crystal Spear  Conj/Erth      ######....   65%         8    #######
 Shatter                  Erth           ######....   100%        9    #######
 Tornado                  Air            ######....   100%        9    #######


Dungeon Overview and Level Annotations

Branches:
Dungeon (1/1)

Altars:
Ashenzari
Cheibriados
Dithmenos
Elyvilon
Fedhas
Gozag
Hepliaklqana
Kikubaaqudgha
Makhleb
Nemelex Xobeh
Okawaru
Qazlal
Ru
Sif Muna
Trog
Uskayaw
Vehumet
Wu Jian
Xom
Yredelemnul
Zin
The Shining One
Beogh
Jiyva
Lugonu

Annotations:
D Antaeus, Boris, Crazy Yiuf, Geryon, Gloorx Vloq, Ignacio, Jory, Khufu, Mnoleg, Nellie, Roxanne, Serpent of Hell


Innate Abilities, Weirdness & Mutations

Your experience applies equally to all skills.
You have very sharp teeth.
Your uncanny sense of smell can sniff out nearby items.
You have a pair of small horns on your head.


Message History

The Executioner gestures.
The Executioner seems to speed up.
Antaeus gestures at you.
The bolt of lightning hits Boris.
Boris resists.
The bolt of lightning hits you! You resist.
* * * LOW HITPOINT WARNING * * *
Gloorx Vloq hits you!
* * * LOW HITPOINT WARNING * * *
You block the azure jelly's attack.
BOUMMMMG!
The azure jelly hits you but does no damage.
The azure jelly barely misses you. x2
Jory hisses in an unknowable language.
Jory hits you from afar with a +1 glaive of venom.
* * * LOW HITPOINT WARNING * * *
You are lethally poisoned!
The death ooze closely misses you. x2; You block Ignacio's attack.
PTOANNNG!
Ignacio hits you with a +2 executioner's axe of pain!
You die...

∆∆∆∆∆g∆∆∆∆∆
▓▓▓▓▓▓▓▓
..|:))|.[||"|..
▓......8
..=)).|)D)|"8..
▓..=)..)
.†.)...D))..)..
▓..=}=))
..)...&Dg§§....
▓...%..|
...)..&*s).....
▓.......
.....MVCwY.....
▓......†
....§.JLJD.....
▓.....%.
......1@.1.....
▓......†
.......1&......
▓.......
...............
▓.......
..▓.........▓..
▓...▓... .
▓▓.......▓▓ .
▓..▓.▓..
..▓.........▓..
▓...▓...
...............
▓.......
.......©.......
.......
▓▓▓▓▓▓▓▓▓▓▓▓▓▓▓
▓▓▓▓▓▓▓▓


You could see Antaeus, Gloorx Vloq, Mnoleg, Geryon, the Serpent of Hell, Ignacio
(fast), Khufu, Nellie, Roxanne, Jory, Boris, an eldritch tentacle, an emperor
scorpion (summoned), a golden dragon (summoned), a fire dragon (summoned), an
ice dragon (summoned), an azure jelly, 2 Executioners, a death ooze and Crazy
Yiuf.

Vanquished Creatures
  the Royal Jelly (D)
  Frederick (D)
  Saint Roka (D)
  Xtahua (D)
  Nikola (D)
  3 deep elf blademasters (D)
  A deep elf master archer (D)
  A quicksilver dragon (D)
  9 acid blobs (D)
  Frances (D)
  Chuck (D)
  8 azure jellies (D)
  2 iron dragons (D)
  A very ugly thing (D)
  5 stone giants (D)
  Nessos (D)
  A yellow draconian (D)
  A purple draconian (D)
  4 crystal guardians (D)
  Josephine (D)
  7 death oozes (D)
  A deep elf high priest (D)
  7 naga warriors (D)
  A fire dragon (D)
  4 hydras (D)
  5 great orbs of eyes (D)
  A catoblepas (D)
  An anaconda (D)
  7 two-headed ogres (D)
  3 dancing weapons (D)
  2 hell hogs (D)
  4 iron golems (D)
  Sonja (D)
  Nergalle (D)
  A death drake (D)
  2 hell knights (D)
  A deep troll (shapeshifter) (D)
  2 swamp dragons (D)
  A shining eye (D)
  3 deep elf magi (D)
  6 draconians (D)
  A cyclops (shapeshifter) (D)
  3 ugly things (D)
  9 cyclopes (D)
  An elephant (D)
  4 black mambas (D)
  6 naga magi (D)
  3 eyes of devastation (D)
  2 guardian serpents (D)
  A gargoyle (D)
  Joseph (D)
  Psyche (D)
  A komodo dragon (D)
  3 spiny frogs (D)
  A rime drake (D)
  A hellion (D)
  2 merfolk (D)
  6 trolls (D)
  A troll (shapeshifter) (D)
  A hornet (D)
  6 slime creatures (D)
  A dream sheep (D)
  2 hippogriffs (D)
  2 blink frogs (D)
  A flying skull (D)
  An air elemental (D)
  2 spriggans (D)
  A wyvern (shapeshifter) (D)
  A wyvern (D)
  A yak (shapeshifter) (D)
  A basilisk (D)
  A shadow (D)
  2 golden eyes (D)
  A steam dragon (D)
  4 neqoxecs (D)
  3 insubstantial wisps (D)
  4 nagas (D)
  2 hell hounds (D)
  9 water moccasins (D)
  A floating eye (shapeshifter) (D)
  Duvessa (D)
  A porcupine (D)
  Purgy (D)
  2 swamp drakes (D)
  5 black bears (D)
  5 ogres (D)
  2 phantoms (D)
  8 wolves (D)
  3 centaurs (D)
  3 crocodiles (D)
  A bullfrog (D)
  3 earth elementals (D)
  A wight (D)
  An orc wizard (D)
  4 orc priests (D)
  5 jellies (D)
  An iguana (D)
  3 adders (D)
  2 river rats (D)
  2 oozes (D)
  5 adder zombies (D)
  2 adder skeletons (D)
  A bat skeleton (D)
  3 bat zombies (D)
  A ball python (D)
  A giant cockroach zombie (D)
  A jackal zombie (D)
  2 leopard gecko skeletons (D)
  2 leopard gecko zombies (D)
  A quokka zombie (D)
273 creatures vanquished.

Vanquished Creatures (others)
  A deep elf annihilator (D)
  A hell hog (D)
  A deep elf knight (D)
  An adder zombie (D)
4 creatures vanquished.

Grand Total: 277 creatures vanquished

Notes
Turn   | Place    | Note
-------+----------+-------------------------------------------
     0 | D        | howech the Gnoll Fighter began the quest for the Orb.
     0 | D        | Reached XP level 1. HP: 23/23 MP: 1/1
     3 | D        | Found a blossoming altar of Fedhas.
     4 | D        | Found the +6 Majin-Bo {vamp, Archmagi MP+6 Int+6}
     4 | D        | Found the +7 great mace "Firestarter" {inner flame, rF++}
     7 | D        | Found a shimmering blue altar of Sif Muna.
     7 | D        | Found a sacrificial altar of Ru.
     7 | D        | Found a bloodstained altar of Trog.
     7 | D        | Found a stormy altar of Qazlal.
     7 | D        | Found an iron altar of Okawaru.
     7 | D        | Found a sparkling altar of Nemelex Xobeh.
     9 | D        | Found a transporter.
     9 | D        | Found an ancient bone altar of Kikubaaqudgha.
     9 | D        | Found a viscous altar of Jiyva.
     9 | D        | Found a corrupted altar of Lugonu.
     9 | D        | Found a hazy altar of Hepliaklqana.
     9 | D        | Found a burning altar of Makhleb.
     9 | D        | Found an opulent altar of Gozag.
    40 | D        | Found the +9 heavy crossbow "Sniper" {vorpal, Acc+∞ SInv}
    40 | D        | Found the +10 dark maul {vorpal}
    40 | D        | Found the +15 Maxwell's patent armour {-Cast -Tele rElec
                  | MR+ rCorr}
    40 | D        | Found the +18 shield of the Gong {rElec rN+ MR+ EV-5}
    40 | D        | Found the cursed +14 obsidian axe {vorpal, +Fly SInv
                  | *Curse}
    42 | D        | Found the +6 shillelagh "Devastator" {shatter}
    42 | D        | Found the +11 plutonium sword {*Contam Stlth-}
    42 | D        | Found the +8 lance "Wyrmbane" {slay drac, rPois rF+ rC+
                  | AC+3}
    42 | D        | Found the +9 sword of Zonguldrok {reap}
    42 | D        | Found the cursed +13 scythe of Curses {drain, *Curse}
    42 | D        | Found the +0 sword of Power
    42 | D        | Found the +7 mace of Variability {chain chaos}
    42 | D        | Found the +7 Singing Sword {vorpal, sonic wave}
    42 | D        | Found the +8 storm bow {elec, penet}
    50 | D        | Became a worshipper of Warmaster Okawaru
    78 | D        | Reached skill level 7 in Fighting
    78 | D        | Reached skill level 5 in Long Blades
    78 | D        | Reached skill level 1 in Conjurations
    78 | D        | Reached skill level 1 in Hexes
    78 | D        | Reached skill level 1 in Charms
    78 | D        | Reached skill level 1 in Summonings
    78 | D        | Reached skill level 1 in Necromancy
    78 | D        | Reached skill level 1 in Translocations
    78 | D        | Reached skill level 1 in Transmutations
    78 | D        | Reached skill level 1 in Fire Magic
    78 | D        | Reached skill level 1 in Ice Magic
    78 | D        | Reached skill level 1 in Air Magic
    78 | D        | Reached skill level 1 in Earth Magic
    78 | D        | Reached skill level 1 in Poison Magic
    78 | D        | Reached XP level 2. HP: 31/31 MP: 1/5
   124 | D        | Entered arena 2.
   124 | D        | Noticed a draconian
   124 | D        | Noticed a draconian
   124 | D        | Found a transporter.
   146 | D        | Killed a draconian
   146 | D        | Reached * piety under Okawaru
   146 | D        | Reached skill level 8 in Fighting
   146 | D        | Reached skill level 5 in Invocations
   146 | D        | Reached XP level 3. HP: 37/37 MP: 6/9
   146 | D        | Reached XP level 4. HP: 44/44 MP: 6/10
   146 | D        | Reached XP level 5. HP: 49/49 MP: 7/12
   146 | D        | Reached XP level 6. HP: 56/56 MP: 7/13
   153 | D        | Killed a draconian
   153 | D        | Reached skill level 5 in Short Blades
   153 | D        | Reached skill level 5 in Axes
   153 | D        | Reached skill level 5 in Maces & Flails
   153 | D        | Reached skill level 5 in Polearms
   153 | D        | Reached skill level 5 in Staves
   153 | D        | Reached skill level 5 in Slings
   153 | D        | Reached skill level 5 in Bows
   153 | D        | Reached skill level 5 in Crossbows
   153 | D        | Reached skill level 5 in Throwing
   153 | D        | Reached skill level 5 in Dodging
   153 | D        | Reached skill level 5 in Stealth
   153 | D        | Reached skill level 5 in Unarmed Combat
   153 | D        | Reached skill level 5 in Spellcasting
   153 | D        | Reached skill level 5 in Evocations
   153 | D        | Reached XP level 7. HP: 63/63 MP: 8/15
   203 | D        | Entered arena 3.
   203 | D        | Found a transporter.
   217 | D        | Reached skill level 9 in Fighting
   227 | D        | Reached ** piety under Okawaru
   227 | D        | Reached skill level 5 in Conjurations
   227 | D        | Reached skill level 5 in Hexes
   227 | D        | Reached skill level 5 in Charms
   227 | D        | Reached skill level 5 in Summonings
   227 | D        | Reached skill level 5 in Necromancy
   227 | D        | Reached skill level 5 in Translocations
   227 | D        | Reached skill level 5 in Transmutations
   227 | D        | Reached skill level 5 in Fire Magic
   227 | D        | Reached skill level 5 in Ice Magic
   227 | D        | Reached skill level 5 in Air Magic
   227 | D        | Reached skill level 5 in Earth Magic
   227 | D        | Reached skill level 5 in Poison Magic
   227 | D        | Reached XP level 8. HP: 71/71 MP: 15/17
   244 | D        | Entered arena 4.
   244 | D        | Noticed an air elemental
   244 | D        | Found a transporter.
   246 | D        | Killed an air elemental
   264 | D        | Entered arena 5.
   264 | D        | Noticed a spriggan
   264 | D        | Found a transporter.
   268 | D        | Killed a spriggan
   268 | D        | Reached *** piety under Okawaru
   268 | D        | Reached XP level 9. HP: 78/78 MP: 19/19
   278 | D        | Entered arena 6.
   278 | D        | Found a transporter.
   279 | D        | Found the macabre finger necklace {rN+}
   289 | D        | Got the +2 cloak of Untold Secrets {rN+ MR+ Str+4 Stlth+}
   304 | D        | Entered arena 7.
   304 | D        | Noticed a draconian
   304 | D        | Noticed a purple draconian
   304 | D        | Noticed a draconian
   304 | D        | Noticed a yellow draconian
   304 | D        | Noticed a draconian
   304 | D        | Noticed a draconian
   306 | D        | Found a transporter.
   312 | D        | Killed a purple draconian
   312 | D        | Reached **** piety under Okawaru
   312 | D        | Received a gift from Okawaru
   312 | D        | Reached skill level 10 in Fighting
   312 | D        | Reached skill level 10 in Armour
   312 | D        | Reached skill level 10 in Shields
   312 | D        | Killed a draconian
   314 | D        | Killed a draconian
   314 | D        | Reached XP level 10. HP: 63/86 MP: 19/22
   315 | D        | Killed a draconian
   316 | D        | Killed a draconian
   316 | D        | Reached ***** piety under Okawaru
   317 | D        | Killed a yellow draconian
   317 | D        | Received a gift from Okawaru
   317 | D        | Reached skill level 11 in Fighting
   317 | D        | Reached skill level 10 in Long Blades
   332 | D        | Got the Reference Book on Ghastly Transmutation
   432 | D        | Entered arena 8.
   433 | D        | Found a transporter.
   485 | D        | Entered arena 9.
   485 | D        | Noticed a cyclops
   486 | D        | Identified the +9 falchion "Ojoot" {antimagic, Int+6}
   486 | D        | Found a transporter.
   488 | D        | Received a gift from Okawaru
   488 | D        | Reached skill level 10 in Invocations
   491 | D        | Killed a cyclops
   494 | D        | Reached XP level 11. HP: 93/93 MP: 24/24
   531 | D        | Entered arena 10.
   531 | D        | Noticed a shining eye
   534 | D        | Found a transporter.
   536 | D        | Reached skill level 10 in Crossbows
   543 | D        | Killed a shining eye
   555 | D        | Got the ring "Qemepearops" {rC+ Stlth+}
   576 | D        | Learned a level 9 spell: Absolute Zero
   586 | D        | Learned a level 9 spell: Fire Storm
   587 | D        | Entered arena 11.
   587 | D        | Noticed a spriggan rider
   588 | D        | Found a transporter.
   592 | D        | Reached skill level 12 in Fighting
   595 | D        | Reached skill level 10 in Short Blades
   595 | D        | Reached skill level 10 in Axes
   595 | D        | Reached skill level 10 in Maces & Flails
   595 | D        | Reached skill level 10 in Polearms
   595 | D        | Reached skill level 10 in Staves
   595 | D        | Reached skill level 10 in Slings
   595 | D        | Reached skill level 10 in Bows
   595 | D        | Reached skill level 10 in Throwing
   595 | D        | Reached skill level 10 in Dodging
   595 | D        | Reached skill level 10 in Stealth
   595 | D        | Reached skill level 10 in Unarmed Combat
   595 | D        | Reached skill level 10 in Spellcasting
   595 | D        | Reached skill level 10 in Evocations
   596 | D        | Received a gift from Okawaru
   627 | D        | Identified a +0 pair of boots of running (You found it in
                  | the Dungeon)
   633 | D        | Entered arena 12.
   633 | D        | Noticed a fire dragon
   634 | D        | Found the ring of Shadows {Umbra +Inv Stlth+}
   634 | D        | Noticed a four-headed hydra
   634 | D        | Noticed a death drake
   636 | D        | Noticed a swamp dragon
   637 | D        | Noticed a swamp dragon
   641 | D        | Found a transporter.
   647 | D        | Killed a swamp dragon
   647 | D        | Reached ****** piety under Okawaru
   650 | D        | Killed a fire dragon
   650 | D        | Received a gift from Okawaru
   654 | D        | Killed a swamp dragon
   655 | D        | Killed a five-headed hydra
   655 | D        | Reached skill level 13 in Fighting
   661 | D        | Killed a death drake
   671 | D        | Got the Collected Works on Enchantment and Contamination
   857 | D        | Entered arena 13.
   857 | D        | Noticed a stone giant
   857 | D        | Noticed a stone giant
   857 | D        | Noticed a cyclops
   857 | D        | Noticed a cyclops
   857 | D        | Noticed a stone giant
   858 | D        | Noticed a cyclops
   859 | D        | Found the +10 Black Knight's horse barding {ponderous,
                  | rPois rN+}
   859 | D        | Found a transporter.
   866 | D        | Reached XP level 12. HP: 88/105 MP: 26/26
   867 | D        | Killed a stone giant
   867 | D        | Received a gift from Okawaru
   867 | D        | Received a gift from Okawaru
   870 | D        | Killed a stone giant
   870 | D        | Reached skill level 14 in Fighting
   871 | D        | Killed a stone giant
   934 | D        | Entered arena 14.
   935 | D        | Noticed a naga warrior
   935 | D        | Noticed a naga warrior
   935 | D        | Noticed a naga warrior
   935 | D        | Noticed a naga warrior
   936 | D        | Noticed a naga warrior
   937 | D        | Found a transporter.
   942 | D        | Killed a naga warrior
   942 | D        | Reached skill level 10 in Conjurations
   942 | D        | Reached skill level 10 in Hexes
   942 | D        | Reached skill level 10 in Charms
   942 | D        | Reached skill level 10 in Summonings
   942 | D        | Reached skill level 10 in Necromancy
   942 | D        | Reached skill level 10 in Translocations
   942 | D        | Reached skill level 10 in Transmutations
   942 | D        | Reached skill level 10 in Fire Magic
   942 | D        | Reached skill level 10 in Ice Magic
   942 | D        | Reached skill level 10 in Air Magic
   942 | D        | Reached skill level 10 in Earth Magic
   942 | D        | Reached skill level 10 in Poison Magic
   943 | D        | Killed a naga warrior
   947 | D        | Killed a naga warrior
   947 | D        | Killed a naga warrior
   947 | D        | Reached skill level 15 in Fighting
   949 | D        | Killed a naga warrior
  1052 | D        | Entered arena 15.
  1053 | D        | Noticed a deep elf blademaster
  1053 | D        | Noticed a deep elf blademaster
  1054 | D        | Noticed a deep elf annihilator
  1054 | D        | Noticed a deep elf master archer
  1054 | D        | Noticed a deep elf blademaster
  1054 | D        | Noticed a deep elf knight
  1054 | D        | Noticed a deep elf high priest
  1055 | D        | Identified the +10 mace "Jedunono" {venom, +Blink +Rage rF-
                  | SInv}
  1055 | D        | Found a transporter.
  1058 | D        | Received a gift from Okawaru
  1058 | D        | Reached XP level 13. HP: 105/116 MP: 29/29
  1064 | D        | Killed a deep elf high priest
  1066 | D        | Killed a deep elf blademaster
  1066 | D        | Reached skill level 16 in Fighting
  1067 | D        | Killed a deep elf annihilator
  1074 | D        | Killed a deep elf master archer
  1076 | D        | Killed a deep elf blademaster
  1076 | D        | Killed a deep elf blademaster
  1076 | D        | Received a gift from Okawaru
  1100 | D        | Got the ring of Muvoygh {Wiz Str+3 Int+2}
  1262 | D        | Entered arena 16.
  1264 | D        | Noticed a cyan very ugly thing
  1265 | D        | Found a transporter.
  1269 | D        | Received a gift from Okawaru
  1269 | D        | Gained mutation: You have a pair of small horns on your
                  | head. [a neqoxec]
  1274 | D        | Reached skill level 17 in Fighting
  1281 | D        | Killed a white very ugly thing
  1285 | D        | Reached skill level 15 in Crossbows
  1299 | D        | Got the ring "Ilax" {rF- rC++ MP+9 SInv}
  1320 | D        | Entered arena 17.
  1323 | D        | Noticed a crystal guardian
  1323 | D        | Noticed a crystal guardian
  1324 | D        | Noticed a crystal guardian
  1324 | D        | Noticed an iron dragon
  1324 | D        | Noticed an iron dragon
  1324 | D        | Noticed a crystal guardian
  1324 | D        | Noticed a quicksilver dragon
  1325 | D        | Found a transporter.
  1332 | D        | Reached XP level 14. HP: 52/128 MP: 23/31
  1333 | D        | Killed a quicksilver dragon
  1333 | D        | Received a gift from Okawaru
  1333 | D        | Reached skill level 15 in Armour
  1333 | D        | Reached skill level 15 in Shields
  1336 | D        | Received a gift from Okawaru
  1336 | D        | Reached skill level 15 in Invocations
  1340 | D        | Killed an iron dragon
  1340 | D        | Received a gift from Okawaru
  1341 | D        | Reached skill level 18 in Fighting
  1345 | D        | Killed an iron dragon
  1365 | D        | Got Tume's Reference Book on Stones and Ignition
  1645 | D        | Entered arena 18.
  1650 | D        | Found the +8 glaive of the Guard {elec, +Rage AC+5 SInv}
  1650 | D        | Found a transporter.
  1657 | D        | Received a gift from Okawaru
  1657 | D        | Reached skill level 15 in Long Blades
  1666 | D        | Got a pair of warped boots {god gift}
  1667 | D        | Identified the +2 pair of boots of Dafediub {+Blink Str+8
                  | Dex-5 Stlth-} (Okawaru gifted it to you in the Dungeon)
  1691 | D        | Got the Almanac of Lucky Cold
  1703 | D        | Got the Handbook of the Glacier and Weightlessness
  1828 | D        | Entered arena 19.
  1832 | D        | Noticed a stone giant
  1832 | D        | Noticed a stone giant
  1833 | D        | Found a transporter.
  1840 | D        | Reached skill level 19 in Fighting
  1845 | D        | Killed a stone giant
  1847 | D        | Killed a stone giant
  1847 | D        | Reached skill level 15 in Short Blades
  1847 | D        | Reached skill level 15 in Axes
  1847 | D        | Reached skill level 15 in Maces & Flails
  1847 | D        | Reached skill level 15 in Polearms
  1847 | D        | Reached skill level 15 in Staves
  1847 | D        | Reached skill level 15 in Slings
  1847 | D        | Reached skill level 15 in Bows
  1847 | D        | Reached skill level 15 in Throwing
  1847 | D        | Reached skill level 15 in Dodging
  1847 | D        | Reached skill level 15 in Stealth
  1847 | D        | Reached skill level 15 in Unarmed Combat
  1847 | D        | Reached skill level 15 in Spellcasting
  1847 | D        | Reached skill level 15 in Evocations
  1847 | D        | Reached XP level 15. HP: 137/139 MP: 28/34
  1880 | D        | Got the Volume of the Seven Mouths
  1914 | D        | Entered arena 20.
  1919 | D        | Noticed an acid blob
  1919 | D        | Noticed an azure jelly
  1920 | D        | Found the +8 mithril axe "Arga" {speed, MR+}
  1920 | D        | Noticed an azure jelly
  1921 | D        | Found a transporter.
  1927 | D        | Received a gift from Okawaru
  1928 | D        | Received a gift from Okawaru
  1935 | D        | Killed an acid blob
  1935 | D        | Reached skill level 20 in Fighting
  1936 | D        | Killed an azure jelly
  1941 | D        | Killed an azure jelly
  1948 | D        | Got a heavily runed hat {god gift}
  1954 | D        | Identified the +0 hat of the Valley of Death {-Tele rF++
                  | rCorr SInv} (Okawaru gifted it to you in the Dungeon)
  2002 | D        | Entered arena 21.
  2011 | D        | Found a transporter.
  2044 | D        | Got the Grimoire of Toxic Beguiling
  2048 | D        | Got the Volume of Ignition
  2096 | D        | Entered arena 22.
  2115 | D        | Found a transporter.
  2137 | D        | Got the amulet "Juacvidd" {Reflect Int+4 Dex+5 SH+5}
  2221 | D        | Entered arena 23.
  2227 | D        | Noticed Psyche
  2227 | D        | Noticed the Royal Jelly
  2227 | D        | Noticed Boris
  2227 | D        | Noticed Nikola
  2227 | D        | Noticed Gloorx Vloq
  2227 | D        | Noticed Sonja
  2227 | D        | Noticed Chuck
  2227 | D        | Identified Roxanne's Tome of Transformation
  2227 | D        | Noticed Roxanne
  2227 | D        | Noticed Jory
  2227 | D        | Noticed Antaeus
  2227 | D        | Noticed an acid blob
  2227 | D        | Noticed an azure jelly
  2228 | D        | Found the brooch of Shielding {Spirit SH+8}
  2228 | D        | Noticed an Executioner
  2228 | D        | Noticed an azure jelly
  2228 | D        | Noticed an acid blob
  2228 | D        | Noticed an acid blob
  2228 | D        | Noticed an azure jelly
  2228 | D        | Noticed an acid blob
  2228 | D        | Identified the +2 dire flail "Xiuk" {vorpal, +Blink rElec
                  | Str+5 Int-2}
  2229 | D        | Noticed Duvessa
  2229 | D        | Noticed Khufu
  2230 | D        | Killed Duvessa
  2230 | D        | Killed Sonja
  2230 | D        | Received a gift from Okawaru
  2230 | D        | Noticed an acid blob
  2230 | D        | Noticed an acid blob
  2230 | D        | Noticed Xtahua
  2230 | D        | Identified the +8 lajatang of Uskayaw's Scorn {vorpal, rC-
                  | MR++}
  2230 | D        | Noticed Saint Roka
  2230 | D        | Noticed Frederick
  2230 | D        | Noticed Purgy
  2230 | D        | Noticed Josephine
  2231 | D        | Noticed Crazy Yiuf
  2231 | D        | Noticed Joseph
  2231 | D        | Noticed Nergalle
  2231 | D        | Noticed Nellie
  2231 | D        | Noticed Ignacio
  2231 | D        | Noticed the Serpent of Hell
  2231 | D        | Identified the amulet "Hipliq" {RegenMP Int+2 Dex-5 Stlth+}
  2231 | D        | Noticed Frances
  2231 | D        | Noticed an azure jelly
  2231 | D        | Noticed an azure jelly
  2231 | D        | Noticed an acid blob
  2232 | D        | Noticed an Executioner
  2232 | D        | Noticed Nessos
  2233 | D        | Noticed an iron dragon
  2233 | D        | Noticed an acid blob
  2233 | D        | Noticed an azure jelly
  2233 | D        | Noticed Mnoleg
  2234 | D        | Noticed an emperor scorpion
  2234 | D        | Noticed an emperor scorpion
  2234 | D        | Noticed an emperor scorpion
  2234 | D        | Killed an azure jelly
  2234 | D        | Killed an acid blob
  2234 | D        | Killed an acid blob
  2234 | D        | Killed an azure jelly
  2234 | D        | Killed an acid blob
  2234 | D        | Killed an acid blob
  2234 | D        | Killed Purgy
  2234 | D        | Killed Xtahua
  2234 | D        | Reached skill level 21 in Fighting
  2234 | D        | Killed Nessos
  2234 | D        | Killed Frances
  2234 | D        | Killed Nergalle
  2234 | D        | Killed Josephine
  2234 | D        | Killed Psyche
  2234 | D        | Killed Nikola
  2234 | D        | Received a gift from Okawaru
  2234 | D        | Killed Chuck
  2234 | D        | Noticed an azure jelly
  2234 | D        | Noticed Geryon
  2235 | D        | Killed an acid blob
  2235 | D        | Killed an azure jelly
  2235 | D        | Killed an acid blob
  2235 | D        | Killed an azure jelly
  2235 | D        | Killed an azure jelly
  2235 | D        | Killed Frederick
  2235 | D        | Received a gift from Okawaru
  2235 | D        | Killed Saint Roka
  2235 | D        | Received a gift from Okawaru
  2235 | D        | Killed Joseph
  2235 | D        | Killed the Royal Jelly
  2235 | D        | Received a gift from Okawaru
  2235 | D        | Received a gift from Okawaru
  2237 | D        | Noticed a golden dragon
  2238 | D        | Noticed an Executioner
  2239 | D        | Killed an azure jelly
  2241 | D        | Noticed an Executioner
  2241 | D        | Noticed an Executioner
  2242 | D        | Killed an acid blob
  2242 | D        | Killed an acid blob
  2242 | D        | HP: 3/144 [disintegration (25)]
  2244 | D        | Mangled by Ignacio

Illustrated notes

Levels and vault maps discovered:
D:        sprint_v [room_start, room_1, room_2, room_3, room_4, room_5, room_6,
          room_7, room_8, room_9, room_10, room_11, room_12, room_13, room_14,
          room_15, room_16, room_17, room_18, room_19, room_20, room_21,
          room_22, room_23, room_24, room_25, room_26, room_27]

Skill      XL: |  1  2  3  4  5  6  7  8  9 10 11 12 13 14 15 |
---------------+----------------------------------------------+-----
Fighting       | 7 8 9 10 11 13 15 17 19 21 | 21.3
Short Blades   | 2 4 5 6 7 8 9 10 12 13 15 16 | 16.5
Long Blades    | 5 6 7 8 9 10 11 12 14 15 16 | 16.9
Axes           | 2 4 5 6 7 8 9 10 12 13 15 16 | 16.5
Maces & Flails | 2 4 5 6 7 8 9 10 12 13 15 16 | 16.5
Polearms       | 2 4 5 6 7 8 9 10 12 13 15 16 | 16.5
Staves         | 2 4 5 6 7 8 9 10 12 13 15 16 | 16.5
Slings         | 2 4 5 6 7 8 9 10 12 13 15 16 | 16.5
Bows           | 2 4 5 6 7 8 9 10 12 13 15 16 | 16.5
Crossbows      | 2 4 5 6 7 8 9 12 13 15 16 17 | 17.6
Throwing       | 2 4 5 6 7 8 9 10 12 13 15 16 | 16.5
Armour         | 7 8 9 10 11 12 13 14 16 17 | 17.4
Dodging        | 2 4 5 6 7 8 9 10 12 13 15 16 | 16.5
Stealth        | 2 4 5 6 7 8 9 10 12 13 15 16 | 16.5
Shields        | 7 8 9 10 11 12 13 14 16 17 | 17.4
Unarmed Combat | 2 4 5 6 7 8 9 10 12 13 15 16 | 16.5
Spellcasting   | 2 4 5 6 7 8 9 10 12 13 15 16 | 16.5
Conjurations   | 1 4 5 6 7 9 10 11 12 14 | 14.2
Hexes          | 1 4 5 6 7 9 10 11 12 14 | 14.2
Charms         | 1 4 5 6 7 9 10 11 12 14 | 14.2
Summonings     | 1 4 5 6 7 9 10 11 12 14 | 14.2
Necromancy     | 1 4 5 6 7 9 10 11 12 14 | 14.2
Translocations | 1 4 5 6 7 9 10 11 12 14 | 14.2
Transmutations | 1 4 5 6 7 9 10 11 12 14 | 14.2
Fire Magic     | 1 4 5 6 7 9 10 11 12 14 | 14.2
Ice Magic      | 1 4 5 6 7 9 10 11 12 14 | 14.2
Air Magic      | 1 4 5 6 7 9 10 11 12 14 | 14.2
Earth Magic    | 1 4 5 6 7 9 10 11 12 14 | 14.2
Poison Magic   | 1 4 5 6 7 9 10 11 12 14 | 14.2
Invocations    | 2 5 6 7 9 10 11 13 14 16 17 | 17.7
Evocations     | 2 4 5 6 7 8 9 10 12 13 15 16 | 16.5

Action                   |  1- 3 |  4- 6 |  7- 9 | 10-12 | 13-15 || total
-------------------------+-------+-------+-------+-------+-------++-------
Melee: Long sword        |    20 |     7 |    18 |       |       ||    45
       Bite              |     5 |     1 |     9 |    13 |    29 ||    57
       Double sword      |       |       |    22 |    76 |   123 ||   221
       Headbutt          |       |       |       |       |    30 ||    30
Invok: Heroism           |       |       |     1 |     2 |     6 ||     9
       Finesse           |       |       |       |     2 |     6 ||     8
Evoke: Wand              |     1 |       |       |       |       ||     1
  Use: Potion            |     2 |       |     1 |     1 |     6 ||    10
       Scroll            |       |       |       |       |     3 ||     3
 Stab: Invisible         |       |       |       |       |    12 ||    12
  Eat: Chunk             |       |       |       |     1 |       ||     1
       Ration            |       |       |       |       |     1 ||     1
Armor: Plate armour      |    10 |       |    13 |    23 |    62 ||   108
Dodge: Dodged            |     1 |       |     6 |    26 |    72 ||   105
Block: Kite shield       |    37 |     8 |    71 |   120 |   208 ||   444
       Rpst.: Long sword |       |       |     1 |       |       ||     1
       Double sword      |       |       |       |     5 |     7 ||    12
